 Dungeon Crawl Stone Soup version 0.29-a0-664-gff9cad4a3d (webtiles) character file.

Game seed: 12046779370882986789

51 YayAnonymity the Shield-Bearer (level 4, -1/35 HPs)
             Began as a Formicid Fighter on June 23, 2022.
             Slain by Robin
             ... wielding a +0 trident
              (5 damage)
             ... on level 2 of the Dungeon.
             The game lasted 00:01:59 (914 turns).

YayAnonymity the Shield-Bearer (Formicid Fighter)    Turns: 914, Time: 00:01:59

Health: -1/35      AC:  6    Str: 23    XL:     4   Next: 5%
Magic:  4/4        EV:  9    Int:  7    God:
Gold:   14         SH:  5    Dex: 13    Spells: 3/3 levels left

rFire   . . .      SeeInvis +   a - +0 war axe
rCold   . . .      Faith    .   c - +0 buckler
rNeg    . . .      Spirit   .   b - +0 scale mail
rPois   .          Reflect  .   (helmet unavailable)
rElec   .          Harm     .   (no cloak)
rCorr   .          Rampage  .   (no gloves)
Will    .....                   (no boots)
Stlth   ..........              (no amulet)
HPRegen 0.11/turn               (no ring)
MPRegen 0.09/turn               (no ring)

@: mighty
A: permanent stasis, dig shafts and tunnels, antennae 3, four strong arms
a: Dig, Shaft Self


You were on level 2 of the Dungeon.
You visited 1 branch of the dungeon, and saw 2 of its levels.

You collected 14 gold pieces.

Inventory:

Hand Weapons
 a - a +0 war axe (weapon)
Armour
 b - a +0 scale mail (worn)
 c - a +0 buckler (worn)
Jewellery
 g - an amulet of regeneration
Scrolls
 f - a scroll of identify {unknown}
Potions
 e - 2 potions of curing {unknown}
 h - a potion of heal wounds {unknown}


   Skills:
 - Level 3.2 Fighting
 * Level 3.5 Axes
 - Level 3.2 Armour
 + Level 4.7 Shields


You had 3 spell levels left.
You didn't know any spells.
Your spell library was empty.

Dungeon Overview and Level Annotations

Branches:
Dungeon (2/15)

Altars:

Shops:
D:1 =

Annotations:
D:2 Robin


Innate Abilities, Weirdness & Mutations

You cannot be hasted, slowed, berserked, paralysed or teleported.
You can dig through walls and to a lower floor.
You have a pair of large antennae on your head. (SInv)
Your four strong arms can wield two-handed weapons with a shield.


Message History

You are too injured to fight recklessly!
You are too injured to fight recklessly!
You are too injured to fight recklessly!
Okay, then.
You feel very mighty all of a sudden. You block the goblin's attack.
The goblin hits you with a +0 club. You block the goblin's attack.
You are too injured to fight recklessly!
You are too injured to fight recklessly!
You hit the goblin.
The goblin is moderately wounded.
You hit the goblin.
You kill the goblin!
You closely miss the goblin. The goblin hits you but does no damage.
Robin throws the goblin at you! You block the goblin's attack.
The goblin hits you but does no damage. The goblin misses you.
The goblin closely misses you. The goblin hits you with a +0 club.
* * * LOW HITPOINT WARNING * * *
You hit the goblin.
You kill the goblin!
You closely miss the quokka. You slash the goblin!
You kill the goblin!
You hit the goblin.
You kill the goblin!
The quokka bites you.
* * * LOW HITPOINT WARNING * * *
You block Robin's attack. You block the quokka's attack.
Your life force feels restored.
You have reached level 4!
You feel stronger. The quokka bites you.
* * * LOW HITPOINT WARNING * * *
Robin hits you with a +0 trident.
* * * LOW HITPOINT WARNING * * *
Items here: )) ††.
You slash Robin!
Robin is heavily wounded.
You closely miss the quokka. The quokka barely misses you.
Robin hits you with a +0 trident.
You die...

##..# #..##
##.## #..#
#.#######
#.......###
#######...####
###..))##
####.@## ##rg#
##?.....!
##....$ #....
.... ... ..


You could see Robin and a quokka.

Vanquished Creatures
  6 ball pythons (D:1)
  2 endoplasms (D:1)
  5 giant cockroaches (D:1)
  4 hobgoblins
  3 kobolds (D:1)
  4 quokkas (D:1)
  A bat (D:2)
  14 goblins
  2 rats (D:1)
41 creatures vanquished.

Notes
Turn   | Place    | Note
-------+----------+-------------------------------------------
     0 | D:1      | YayAnonymity the Formicid Fighter began the quest for the
                  | Orb.
     0 | D:1      | Reached XP level 1. HP: 18/18 MP: 1/1
   107 | D:1      | Reached XP level 2. HP: 24/24 MP: 2/2
   388 | D:1      | Found Dufores's Jewellery Shoppe.
   405 | D:1      | Reached XP level 3. HP: 26/29 MP: 3/3
   899 | D:2      | Noticed Robin
   913 | D:2      | Reached XP level 4. HP: 9/35 MP: 4/4
   914 | D:2      | Slain by Robin

Illustrated notes

Levels and vault maps discovered:
D:1:      tarquinn_simple_flora_water_b, layout_basic, serial_shops,
          nicolae_shop_waterfront
D:2:      layout_rooms, dreamdust_ecumenical_altar_angels_and_demons,
          uniq_robin, uniq_natasha

Skill      XL: |  1  2  3 |
---------------+----------+-----
Axes           | 3 |  3.5
Fighting       | |  3.2
Armour         | |  3.2
Shields        | |  4.7

Action                   |  1- 3 |  4- 6 || total
-------------------------+-------+-------++-------
Melee: War axe           |    65 |     1 ||    66
  Use: Potion            |     1 |       ||     1
Armor: Scale mail        |    41 |       ||    41
Dodge: Dodged            |    38 |     1 ||    39
Block: Buckler           |    26 |       ||    26

Table legend: (Time is in decaauts)
 A = Elapsed time spent in this place.
 B = Non-inter-level travel time spent in this place.
 C = Inter-level travel time spent in this place.
 D = Time resting spent in this place.
 E = Time spent auto-exploring this place.
 F = Levels seen in this place.
 G = Mean time per level.
                   A        B        C        D        E       F      G
               +--------+--------+--------+--------+--------+-----+--------+
         Total |    940 |    923 |     17 |      0 |    745 |   2 |  470.0 |
       Dungeon |    940 |    923 |     17 |      0 |    745 |   2 |  470.0 |
               +--------+--------+--------+--------+--------+-----+--------+

Top non-repeatable levels by time:
     D:1: 889 daAuts
     D:2: 51 daAuts
